 Dungeon Crawl Stone Soup version 0.28.0-47-ge53b351184 (webtiles) character file.

Game seed: 12855318557148107560

7118 safid the Severer (level 11, -7/84 HPs)
             Began as a Hill Orc Fighter on Apr 26, 2022.
             Was a Priest of Beogh.
             Mangled by a frost giant
             ... wielding a +2 battleaxe of freezing
              (25 damage)
             ... on level 9 of the Dungeon.
             The game lasted 00:17:34 (9509 turns).

safid the Severer (Hill Orc Fighter)                Turns: 9509, Time: 00:17:35

Health: -7/84      AC: 20    Str: 24    XL:     11   Next: 10%
Magic:  11/11      EV:  7    Int:  8    God:    Beogh [***...]
Gold:   383        SH:  9    Dex: 10    Spells: 10/10 levels left

rFire   + . .      SeeInvis +   b - +9 lance "Wyrmbane" {slay drac, rPois rF+ rC+ AC+3}
rCold   + . .      Faith    .   c - +0 buckler
rNeg    . . .      Spirit   .   A - +0 plate armour
rPois   +          Reflect  +   v - +2 helmet
rElec   .          Harm     .   w - +1 cloak
rCorr   .          Rampage  .   (no gloves)
Will    .....                   (no boots)
Stlth   ..........              q - amulet of reflection
HPRegen 0.24/turn               s - ring of see invisible
MPRegen 0.12/turn               g - +4 ring of slaying

@: invisible
A: no striking features
a: Renounce Religion, Smiting


You were on level 9 of the Dungeon.
You worshipped Beogh.
Beogh was most pleased with you.
You visited 1 branch of the dungeon, and saw 9 of its levels.
You also visited: Sewer.

You collected 383 gold pieces.

Inventory:

Hand Weapons
 b - the +9 lance "Wyrmbane" (weapon) {slay drac, rPois rF+ rC+ AC+3}
   (You took it off Maggie on level 7 of the Dungeon)

   It inflicts extra damage against dragons and draconians.
   AC:        It affects your AC (+3).
   rF:        It protects you from fire.
   rC:        It protects you from cold.
   rPois:     It protects you from poison.
 p - the +8 falchion of Duub {drain, rC++ Will+}
   (You took it off a goblin on level 4 of the Dungeon)

   A truly terrible weapon, it drains the life of any living foe it strikes.
   rC:        It greatly protects you from cold.
   Will:      It increases your willpower.
Missiles
 l - 7 boomerangs (quivered)
 C - 2 throwing nets
Armour
 c - a +0 buckler (worn)
 v - a +2 helmet (worn)
 w - a +1 cloak (worn)
 A - a +0 plate armour (worn)
Jewellery
 g - a +4 ring of slaying (right hand)
 q - an amulet of reflection (around neck)
 s - a ring of see invisible (left hand)
 u - a ring of protection from cold
 E - a ring of fire
 F - a ring of wizardry
Wands
 a - a wand of paralysis (8)
 h - a wand of charming (3)
 m - a wand of flame (17)
 D - a wand of polymorph (8)
Scrolls
 i - 4 scrolls of enchant armour
 k - a scroll of fear {unknown}
 r - 2 scrolls of magic mapping
 x - a scroll of vulnerability {unknown}
 y - 2 scrolls of immolation {unknown}
 z - a scroll of holy word {unknown}
 B - 3 scrolls of teleportation
Potions
 d - a potion of might
 e - a potion of cancellation {unknown}
 f - 2 potions of experience {unknown}
 j - a potion of lignification {unknown}
 n - 4 potions of mutation
 o - 2 potions of curing
 t - 2 potions of invisibility


   Skills:
 - Level 4.0 Fighting
 + Level 18.7(19.3) Axes
 - Level 7.1(12.5) Polearms
 - Level 4.0 Armour
 - Level 2.0 Dodging
 - Level 4.0 Shields


You had 10 spell levels left.
You didn't know any spells.
Your spell library contained the following spells:

 Spells                   Type           Power      Damage    Failure   Level
 Apportation              Tloc           0%         N/A       100%        1
 Alistair's Intoxication  Tmut/Pois      0%         N/A       100%        5


Dungeon Overview and Level Annotations

Branches:
Dungeon (9/15)             Temple (0/1) D:6           Sewer (visited)
   Lair: D:8-11         Orc: D:9-12

Altars:
Ru

Shops:
D:2 [   D:4 [   D:8 *

Annotations:
D:4 1 runed translucent door, Crazy Yiuf


Message History

The frost giant is moderately wounded.
You puncture the frost giant!
The frost giant is heavily wounded.
The frost giant hits you with a +2 battleaxe of freezing!!
The frost giant freezes you.
You are too injured to fight recklessly!
You are too injured to fight recklessly!
You are too injured to fight recklessly!
You are too injured to fight recklessly!
You are too injured to fight recklessly!
You are too injured to fight recklessly!
You are too injured to fight recklessly!
You are too injured to fight recklessly!
You are too injured to fight recklessly!
Unknown command.
You fade into invisibility!
The frost giant barely misses you. The purple ugly thing trunk-slaps you!
* * * LOW HITPOINT WARNING * * *
You puncture the frost giant!
The frost giant is heavily wounded.
Unknown command.
You hit the frost giant.
The frost giant is severely wounded.
The frost giant completely misses you.
You completely miss the frost giant.
The frost giant is severely wounded.
You hit the frost giant.
The frost giant is severely wounded.
The frost giant barely misses you.
You puncture the frost giant!
The frost giant is almost dead.
The frost giant points at you and mumbles some strange words.
The bolt of cold misses you. The bolt of cold hits your orc knight!!
You puncture the frost giant!
The frost giant is almost dead.
Unknown command.
You barely miss the frost giant.
The frost giant is almost dead.
The frost giant hits you with a +2 battleaxe of freezing!!
You die...

###### #####♣.♣#####
########.... #.....# #...#
#♣...♣# ♣# #...' #.♣.♣.#
♣.# #...# #♣...♣# ♣.♣ #...#
#.....# ♣.♣ #...#
##♣'♣##♣.♣ #...#
#..>..#.♣♣♣♣## #...#
+..8.o@C.[.... #...#
#..<..#u♣♣♣♣## #...#
##♣'♣##♣.♣ #>..# ♣♣.♣♣ ♣.♣
#.... #♣...♣# ♣.♣ #....
#.....# ♣.# #.... #♣.).♣#
♣# #.### ♣♣.♣♣ #.#..
######♣.♣##############.#..


You could see a frost giant (ally target), a purple ugly thing and a friendly
orc knight.

Vanquished Creatures
  A two-headed ogre (D:9)
  A manticore (D:9)
  Maurice (D:8)
  Maggie (D:7)
  Psyche (D:9)
  A troll (D:7)
  Sigmund (D:6)
  2 shadows
  A vampire (D:9)
  4 yaks (D:9)
  A wyvern (D:9)
  Grum (D:8)
  2 steam dragons (D:9)
  3 water moccasins
  An ice beast (D:7)
  A sky beast (D:5)
  3 orc warriors
  A black bear (D:5)
  2 wolves (D:8)
  2 ogres
  2 centaurs
  A kobold brigand (D:7)
  2 bullfrogs
  A gnoll sergeant (D:8)
  A scorpion (D:7)
  A water moccasin skeleton (D:5)
  A killer bee (D:9)
  14 wights
  A howler monkey (D:9)
  2 centaur zombies (D:9)
  2 bullfrog zombies
  A bullfrog skeleton (D:6)
  2 hounds
  A centaur skeleton (D:7)
  3 jellies
  3 orc priests
  An iguana (D:5)
  Terence (D:2)
  4 orc wizards
  A scorpion zombie (D:5)
  A centaur simulacrum (D:9)
  2 howler monkey zombies (D:8)
  7 gnolls (D:8)
  5 adders
  2 river rats (Sewer)
  6 white imps
  An ufetubus (D:9)
  An adder skeleton (D:4)
  A worm (Sewer)
  A dart slug (D:1)
  14 orcs
  11 ball pythons
  16 endoplasms
  A giant cockroach (D:2)
  6 goblins
  6 hobgoblins
  9 kobolds
  4 quokkas
  2 bats
  5 frilled lizards
  11 rats
188 creatures vanquished.

Vanquished Creatures (collateral kills)
  A yak (D:9)
  An orc (D:9)
2 creatures vanquished.

Vanquished Creatures (others)
  An orc warrior (D:9)
  An orc (D:3)
  A giant cockroach (D:3)
  A goblin (D:3)
  5 fungi (D:8)
  7 plants (D:8)
16 creatures vanquished.

Grand Total: 206 creatures vanquished

Notes
Turn   | Place    | Note
-------+----------+-------------------------------------------
     0 | D:1      | safid the Hill Orc Fighter began the quest for the Orb.
     0 | D:1      | Reached XP level 1. HP: 19/19 MP: 1/1
   265 | D:1      | Found a faded altar of an unknown god.
   653 | D:1      | Reached skill level 3 in Axes
   653 | D:1      | Reached XP level 2. HP: 27/27 MP: 2/2
  1166 | D:2      | Noticed Terence
  1175 | D:2      | Killed Terence
  1176 | D:2      | Reached XP level 3. HP: 23/33 MP: 3/3
  1443 | D:2      | Reached XP level 4. HP: 33/40 MP: 4/4
  2033 | D:2      | Reached skill level 4 in Axes
  2098 | D:2      | Found Gilir's Antique Armour Emporium.
  2405 | D:3      | Became a worshipper of Beogh the Brigand
  2853 | D:3      | Reached skill level 5 in Axes
  2853 | D:3      | Reached XP level 5. HP: 46/46 MP: 5/5
  3166 | D:4      | Found Ceifuast's Armour Shop.
  3245 | D:4      | Found a runed translucent door.
  3246 | D:4      | Noticed Crazy Yiuf
  3391 | D:4      | Identified the +8 falchion of Duub {drain, rC++ Will+}
  3745 | D:4      | Reached skill level 6 in Axes
  3868 | D:5      | Entered Level 5 of the Dungeon
  3883 | D:5      | Reached XP level 6. HP: 49/52 MP: 6/6
  3884 | D:5      | Found a glowing drain.
  3904 | D:5      | Noticed a shadow
  3922 | D:5      | Killed a shadow
  3923 | D:5      | Reached skill level 8 in Axes
  3923 | D:5      | Reached * piety under Beogh
  4063 | Sewer    | Entered a sewer
  4251 | Sewer    | Reached XP level 7. HP: 48/59 MP: 7/7
  4313 | Sewer    | Found a viscous altar of Jiyva.
  4318 | Sewer    | Reached skill level 9 in Axes
  4846 | D:5      | Reached skill level 10 in Axes
  5401 | D:6      | Found a staircase to the Ecumenical Temple.
  5461 | D:6      | Noticed Sigmund
  5473 | D:6      | Reached skill level 11 in Axes
  5473 | D:6      | Reached XP level 8. HP: 28/66 MP: 8/8
  5479 | D:6      | Killed Sigmund
  5768 | D:6      | You fall into a shaft and drop 2 floors!
  5769 | D:8      | Noticed Maggie
  5824 | D:8      | Noticed Grum
  5853 | D:8      | Reached skill level 12 in Axes
  6106 | D:7      | Noticed a troll
  6115 | D:7      | Killed a troll
  6116 | D:7      | Reached skill level 13 in Axes
  6446 | D:7      | Reached skill level 14 in Axes
  6446 | D:7      | Reached XP level 9. HP: 58/71 MP: 9/9
  7090 | D:7      | Reached ** piety under Beogh
  7201 | D:7      | Reached skill level 15 in Axes
  7585 | D:7      | Killed Maggie
  7749 | D:8      | Found a sacrificial altar of Ru.
  7802 | D:8      | Noticed Maurice
  7814 | D:8      | Killed Maurice
  7815 | D:8      | Reached skill level 16 in Axes
  7815 | D:8      | Reached skill level 1 in Dodging
  7935 | D:8      | Reached XP level 10. HP: 74/78 MP: 10/10
  8407 | D:8      | Killed Grum
  8668 | D:8      | Found Wezitw Ytim's General Store.
  8767 | D:9      | Reached skill level 5 in Polearms
  8823 | D:9      | Reached *** piety under Beogh
  8986 | D:9      | Reached skill level 17 in Axes
  9039 | D:9      | Noticed a two-headed ogre
  9046 | D:9      | Killed a two-headed ogre
  9159 | D:9      | Noticed Psyche
  9165 | D:9      | Killed Psyche
  9166 | D:9      | Reached skill level 18 in Axes
  9284 | D:9      | Reached XP level 11. HP: 82/84 MP: 11/11
  9482 | D:9      | Noticed a manticore
  9485 | D:9      | Noticed a frost giant
  9489 | D:9      | Noticed a purple ugly thing
  9495 | D:9      | Killed a manticore
  9509 | D:9      | Mangled by a frost giant

Illustrated notes

Levels and vault maps discovered:
D:1:      doesnt_arrival_eight_statues, layout_basic,
          hellmonk_ecumenical_altar_leap_of_faith
D:2:      minmay_chambers_of_ones, layout_basic, serial_corexii_hall,
          chequers_hall_statues_corner_a, corexii_hall_statues_x, serial_shops,
          shop, uniq_terence
D:3:      layout_loops_corners, kennysheep_minor_cross, serial_park_tiny_1,
          grunt_ministairs_11
D:4:      layout_gridville, serial_shops, shop, amethyst_killhole,
          uniq_crazy_yiuf_cottage
D:5:      layout_basic, portal_sewer_entry_c
D:6:      lemuel_slime, layout_layer_cave, minmay_temple_entry_junction,
          columned_hall_lemuel, uniq_grinder, uniq_sigmund
D:7:      layout_rooms
D:8:      layout_loops_cross, nicolae_ru_the_path_less_chosen, serial_shops,
          nicolae_shop_behind_doors, uniq_grum, uniq_maurice, uniq_maggie
D:9:      nzn_winding_woodlands_stair_cross
          [nzn_winding_woodlands_5x15_concentric,
          nzn_winding_woodlands_center_pierced_h,
          nzn_winding_woodlands_5x15_river_crossing,
          nzn_winding_woodlands_5x5_default, nzn_winding_woodlands_hourglass,
          nzn_winding_woodlands_5x15_sawtooth,
          nzn_winding_woodlands_center_diamonds,
          nzn_winding_woodlands_5x15_sidewinder], layout_irregular_city,
          serial_ice, serial_ice_d, serial_ice_o, serial_ice_b, serial_ice_h,
          uniq_psyche, uniq_joseph

Skill      XL: |  1  2  3  4  5  6  7  8  9 10 |
---------------+-------------------------------+-----
Axes           | 3 5 6 8 11 14 16 18 | 18.7
Fighting       | 4 |  4.0
Shields        | 4 |  4.0
Armour         | 4 |  4.0
Polearms       | 3 7 |  7.1
Dodging        | 2 |  2.0

Action                   |  1- 3 |  4- 6 |  7- 9 | 10-12 || total
-------------------------+-------+-------+-------+-------++-------
Melee: War axe           |    70 |   144 |   164 |       ||   378
       Lance             |       |       |    39 |   196 ||   235
       Unarmed           |       |       |     1 |       ||     1
Throw: Boomerang         |       |       |    10 |       ||    10
Invok: Convert to Beogh  |       |     1 |       |       ||     1
  Use: Scroll            |       |       |     6 |     2 ||     8
       Potion            |       |       |     1 |     1 ||     2
 Stab: Distracted        |       |       |       |     1 ||     1
Armor: Scale mail        |    34 |    59 |    44 |       ||   137
       Plate armour      |       |       |    30 |    50 ||    80
Dodge: Dodged            |    34 |    62 |    59 |    28 ||   183
Block: Buckler           |    16 |    53 |    71 |    36 ||   176
       Reflection        |       |       |     4 |     2 ||     6
